 Dungeon Crawl Stone Soup version 0.30-a0-824-g6c64550be9 (webtiles) character file.

Game seed: 12134479027391795611

19 qeuew the Trooper (level 2, 0/21 (24) HPs)
             Began as a Demonspawn Monk on Feb 27, 2023.
             Slain by a goblin
             ... wielding a +0 club
             ... led by Robin
              (3 damage)
             ... on level 2 of the Dungeon.
             The game lasted 00:01:51 (887 turns).

qeuew the Trooper (Demonspawn Monk)                  Turns: 887, Time: 00:01:51

HP:   0/21 (24)     AC:  2    Str: 11    XL:     2   Next: 55%
MP:   2/2           EV: 13    Int: 11    God:
Gold: 17            SH:  0    Dex: 15    Spells: 1/1 levels left

rFire   . . .      SeeInvis .    a - +0 falchion
rCold   . . .      Faith    .    (no shield)
rNeg    . . .      Spirit   .    b - +0 robe
rPois   .          Reflect  .    (no helmet)
rElec   .          Harm     .    (no cloak)
rCorr   .          Rampage  .    (no gloves)
Will    .....                    (no boots)
Stlth   ++                       (no amulet)
HPRegen 0.23/turn                (no ring)
MPRegen 0.08/turn                (no ring)

@: heavily drained
A: weakness stinger 1
a: no special abilities


You were on level 2 of the Dungeon.
You visited 1 branch of the dungeon, and saw 2 of its levels.

You collected 17 gold pieces.

Inventory:

Hand Weapons
 a - a +0 falchion (weapon)
Armour
 b - a +0 robe (worn)
Potions
 c - a potion of ambrosia
 d - a potion of cancellation


   Skills:
 + Level 3.1 Fighting
 * Level 3.0 Long Blades
 * Level 1.0 Armour
 + Level 2.8 Dodging
 - Level 1.7 Stealth


You had one spell level left.
You didn't know any spells.
Your spell library contained the following spells:

 Spells                   Type           Power      Damage    Failure   Level
 Magic Dart               Conj           0%         1d3       34%         1
 Lesser Beckoning         Tloc           0%         N/A       47%         2
 Searing Ray              Conj           0%         2d4       47%         2
 Gell's Gravitas          Tloc           0%         N/A       71%         3
 Teleport Other           Tloc           0%         N/A       71%         3
 Fulminant Prism          Conj/Hex       0%         3d5       98%         4


Dungeon Overview and Level Annotations

Branches:
Dungeon (2/15)

Altars:

Annotations:
D:2 Terence


Innate Abilities, Weirdness & Mutations

You have a small tail.


Message History

The goblin shouts!
You hit Terence.
Terence is lightly wounded.
You hear a shout! x2
Terence hits you with a +2 hand axe of draining.
You feel drained.
You hit Terence but do no damage.
Your tail-slap misses Terence.
Terence is lightly wounded.
Terence misses you.
You hit Terence but do no damage. You tail-slap Terence.
Terence is moderately wounded.
Terence hits you with a +2 hand axe of draining.
You feel drained.
You hit Terence.
Terence is heavily wounded.
Terence hits you with a +2 hand axe of draining!
* * * LOW HITPOINT WARNING * * *
You feel drained.
* * * LOW HITPOINT WARNING * * *
You are too injured to fight recklessly!
You are too injured to fight recklessly!
You are too injured to fight recklessly!
You are too injured to fight recklessly!
You are too injured to fight recklessly!
You are too injured to fight recklessly!
You are too injured to fight recklessly!
You are too injured to fight recklessly!
You are too injured to fight recklessly!
You are too injured to fight recklessly!
You are too injured to fight recklessly!
You are too injured to fight recklessly!
You are too injured to fight recklessly!
You are too injured to fight recklessly!
You hit Terence but do no damage.
Terence is heavily wounded.
The goblin misses you. Terence closely misses you.
You hit Terence but do no damage.
Terence is heavily wounded.
The goblin hits you with a +0 club.
You die...

## #.# #.. #.#
#.# #.#
#.$###.####
#...!....#
#.....g..#
#....gg..#
#...@@..<#
#...............
#.!.....<.##.##.
#..........#
#........#...
#........##...
########## ....
....


You could see Terence, a hobgoblin and 2 goblins.

Vanquished Creatures
  2 dart slugs (D:1)
  2 bats (D:1)
  An endoplasm (D:1)
  A goblin (D:1)
  3 hobgoblins (D:1)
  A kobold (D:1)
  A quokka (D:1)
  A frilled lizard (D:1)
  2 rats (D:1)
14 creatures vanquished.

Notes
Turn   | Place    | Note
-------+----------+-------------------------------------------
     0 | D:1      | qeuew the Demonspawn Monk began the quest for the Orb.
     0 | D:1      | Reached XP level 1. HP: 18/18 MP: 1/1
    21 | D:1      | Found a faded altar of an unknown god.
   508 | D:1      | Gained mutation: You have a small tail. [demonic ancestry]
   508 | D:1      | Reached XP level 2. HP: 8/24 MP: 2/2
   670 | D:1      | Reached skill level 1 in Armour
   878 | D:2      | Noticed Terence
   887 | D:2      | Slain by a goblin

Illustrated notes

Levels and vault maps discovered:
D:1:      zelgadis_glass_arrival_small, layout_rooms,
          ebering_ecumenical_altar_webs
D:2:      layout_rooms, columned_hall_lemuel, lexackson_kobold_supper,
          uniq_terence, uniq_natasha, uniq_robin

Skill      XL: |  1  2 |
---------------+-------+-----
Armour         | 1 |  1.0
Long Blades    | 3 |  3.0
Fighting       | |  3.1
Dodging        | |  2.8
Stealth        | |  1.7

Action                     || total
---------------------------++-------
  Melee: Falchion          ||    44
         Tailslap          ||     3
    Use: Scroll            ||     2
         Potion            ||     1
 Armour: Robe              ||     8
  Dodge: Dodged            ||    26

Table legend: (Time is in decaauts)
 A = Elapsed time spent in this place.
 B = Non-inter-level travel time spent in this place.
 C = Inter-level travel time spent in this place.
 D = Time resting spent in this place.
 E = Time spent auto-exploring this place.
 F = Levels seen in this place.
 G = Mean time per level.
                   A        B        C        D        E       F      G
               +--------+--------+--------+--------+--------+-----+--------+
         Total |    893 |    840 |     53 |    316 |    395 |   2 |  446.5 |
       Dungeon |    893 |    840 |     53 |    316 |    395 |   2 |  446.5 |
               +--------+--------+--------+--------+--------+-----+--------+

Top non-repeatable levels by time:
     D:1: 883 daAuts
     D:2: 9 daAuts
